 Dungeon Crawl Stone Soup version 0.28-a0-706-gf6f64a616a (webtiles) character file.

Game seed: 17549711167794764062

248 ytrimaz the Covered (level 6, 0/48 HPs)
             Began as a Formicid Fighter on Oct 24, 2021.
             Slain by a troll (11 damage)
             ... on level 8 of the Dungeon.
             The game lasted 00:04:06 (3766 turns).

ytrimaz the Covered (Formicid Fighter)              Turns: 3766, Time: 00:04:10

Health: 0/48       AC: 12    Str: 22    XL:     6   Next: 34%
Magic:  6/6        EV:  6    Int:  8    God:
Gold:   73         SH:  4    Dex: 10    Spells: 5/5 levels left

rFire   . . .      SeeInvis +   h - +2 falchion (freeze)
rCold   . . .      Faith    .   c - +0 buckler
rNeg    . . .      Spirit   .   k - +0 plate armour
rPois   +          Reflect  .   (helmet unavailable)
rElec   .          Harm     .   (no cloak)
rCorr   .          Rampage  .   (no gloves)
Will    .....                   (no boots)
Stlth   ..........              (no amulet)
HPRegen 0.16/turn               j - ring of poison resistance
MPRegen 0.10/turn               (no ring)

@: no status effects
A: permanent stasis, dig shafts and tunnels, antennae 3, four strong arms
a: Dig, Shaft Self


You were on level 8 of the Dungeon.
You visited 1 branch of the dungeon, and saw 6 of its levels.

You collected 73 gold pieces.

Inventory:

Hand Weapons
 a - a +1 war axe
 h - a +2 falchion of freezing (weapon)
Armour
 c - a +0 buckler (worn)
 k - a +0 plate armour (worn)
Jewellery
 j - a ring of poison resistance (left hand)
Wands
 b - a wand of iceblast (5)
 l - a wand of mindburst (13)
Scrolls
 i - 2 scrolls of identify {unknown}
Potions
 d - a potion of might
 e - 3 potions of cancellation
 f - a potion of heal wounds {unknown}
 g - a potion of flight {unknown}
 m - a potion of berserk rage {unknown}


   Skills:
 + Level 3.9 Fighting
 * Level 1.5 Long Blades
 - Level 3.3 Axes
 * Level 5.2 Armour
 * Level 4.7 Shields


You had 5 spell levels left.
You didn't know any spells.
Your spell library contained the following spells:

 Spells                   Type           Power      Damage    Failure   Level
 Conjure Flame            Conj/Fire      0%         6-21      100%        3
 Ignite Poison            Fire/Tmut/Pois 0%         N/A       100%        3
 Sticky Flame             Conj/Fire      0%         2d3       100%        4


Dungeon Overview and Level Annotations

Branches:
Dungeon (8/15)
 Temple: D:4-7         Lair: D:8-11

Altars:

Annotations:
D:6 Blork the orc


Innate Abilities, Weirdness & Mutations

You cannot be hasted, slowed, berserked, paralysed or teleported.
You can dig through walls and to a lower floor.
You have a pair of large antennae on your head. (SInv)
Your four strong arms can wield two-handed weapons with a shield.


Message History

The white imp gestures at you. The puff of frost hits you.
The white imp gestures at you. The puff of frost hits you!
* * * LOW HITPOINT WARNING * * *
Okay, then.
The white imp grins evilly.
There is a stone staircase leading down here.
You climb downwards.
There is a stone staircase leading up here.
HP restored.
Key pressed, stopping explore.
You open the door.
There is an open door here.
Found a runed hat.
You see here a +2 hat.
Found a ring mail.
A troll comes into view.
The troll shouts!
The troll moves out of view.
The troll bites you. The troll claws you but does no damage.
The troll barely misses you.
You hit the troll but do no damage. You block the troll's attack.
The troll barely misses you. The troll claws you!
You closely miss the troll. The troll bites you but does no damage.
The troll barely misses you. The troll claws you but does no damage.
You slash the troll! You freeze the troll.
The troll is moderately wounded.
The troll bites you!
The troll claws you but does no damage. x2
You feel very mighty all of a sudden. The troll barely misses you.
The troll claws you. The troll claws you but does no damage.
It was a potion of cancellation.
Your magical effects are unravelling.
You feel magically purged.
You feel a little less mighty now. You block the troll's attack.
The troll claws you.
* * * LOW HITPOINT WARNING * * *
The troll claws you!
You die...

..........# #.#
........#.# #..
........#.# ##.
........#.# #.
..........# #.
..........#### #.
#####..##....# #.
#.#.#####.##.## #.
#.@.....###...# ##
..#####.#T###...#...### #
#..[....### ###.#.....# #
#######.#####......##.###
#...[......####.#..
#.#####....# #....
###........# #####
#........# # #######'## #


You could see a troll.

Vanquished Creatures
  A water moccasin (D:8)
  A bullfrog (D:8)
  2 adders
  2 dart slugs (D:2)
  7 ball pythons
  7 endoplasms
  2 giant cockroaches
  7 goblins
  5 hobgoblins
  4 jackals (D:2)
  2 kobolds
  3 quokkas (D:2)
  4 bats
  4 frilled lizards
  4 rats
55 creatures vanquished.

Notes
Turn   | Place    | Note
-------+----------+-------------------------------------------
     0 | D:1      | ytrimaz the Formicid Fighter began the quest for the Orb.
     0 | D:1      | Reached XP level 1. HP: 18/18 MP: 1/1
   364 | D:1      | Reached XP level 2. HP: 24/24 MP: 2/2
   469 | D:1      | Found a faded altar of an unknown god.
   729 | D:1      | Reached XP level 3. HP: 29/29 MP: 3/3
  1741 | D:2      | Reached XP level 4. HP: 35/35 MP: 4/4
  2013 | D:2      | Reached skill level 4 in Armour
  2658 | D:3      | You fall into a shaft and drop 3 floors!
  2684 | D:6      | Noticed Blork the orc
  2687 | D:6      | You fall into a shaft and drop 2 floors!
  3167 | D:7      | Noticed an ice beast
  3326 | D:8      | Noticed a bullfrog
  3329 | D:8      | Killed a bullfrog
  3330 | D:8      | Reached XP level 5. HP: 40/42 MP: 5/5
  3355 | D:8      | Noticed a water moccasin
  3369 | D:8      | Killed a water moccasin
  3370 | D:8      | Reached skill level 1 in Long Blades
  3370 | D:8      | Reached skill level 5 in Armour
  3370 | D:8      | Reached XP level 6. HP: 31/48 MP: 6/6
  3394 | D:7      | Noticed a steam dragon
  3760 | D:8      | Noticed a troll
  3766 | D:8      | Slain by a troll

Illustrated notes

Levels and vault maps discovered:
D:1:      denvon_arrival_planthouse, layout_loops_corners,
          shapermc_ecumenical_altar_ellora
D:2:      layout_loops_corners, minmay_pentomino_s2
D:3:      layout_loops_ring, portal_sewer_entry_e, kennysheep_crisscross,
          minmay_hedge_maze
D:6:      layout_basic, kennysheep_path_1, uniq_blork_the_orc, uniq_grinder
D:7:      layout_basic, lemuel_crystal_altar, nrook_loot_triangle,
          kennysheep_nub, kennysheep_generic_room_14
D:8:      layout_basic, nicolae_uskayaw_dance_studio, grunt_decor_fettered

Skill      XL: |  1  2  3  4  5 |
---------------+----------------+-----
Shields        | 4 |  4.7
Armour         | 4 5 |  5.2
Axes           | 3 |  3.3
Long Blades    | 1 |  1.5
Fighting       | |  3.9

Action                   |  1- 3 |  4- 6 || total
-------------------------+-------+-------++-------
Melee: War axe           |    89 |    64 ||   153
       Falchion          |       |    15 ||    15
 Abil: Dig               |       |     1 ||     1
       Shaft Self        |       |     1 ||     1
  Use: Scroll            |     3 |     1 ||     4
       Potion            |       |     2 ||     2
Armor: Scale mail        |    10 |       ||    10
       Chain mail        |    38 |    47 ||    85
       Plate armour      |       |    13 ||    13
Dodge: Dodged            |    28 |    34 ||    62
Block: Buckler           |    27 |    17 ||    44

Table legend: (Time is in decaauts)
 A = Elapsed time spent in this place.
 B = Non-inter-level travel time spent in this place.
 C = Inter-level travel time spent in this place.
 D = Time resting spent in this place.
 E = Time spent auto-exploring this place.
 F = Levels seen in this place.
 G = Mean time per level.
                   A        B        C        D        E       F      G
               +--------+--------+--------+--------+--------+-----+--------+
         Total |   3827 |   3764 |     63 |    312 |   2678 |   6 |  637.8 |
       Dungeon |   3827 |   3764 |     63 |    312 |   2678 |   6 |  637.8 |
               +--------+--------+--------+--------+--------+-----+--------+

Top non-repeatable levels by time:
     D:1: 1340 daAuts
     D:2: 1012 daAuts
     D:8: 893 daAuts
     D:3: 361 daAuts
     D:7: 189 daAuts
     D:6: 29 daAuts
